 Dungeon Crawl Stone Soup version 0.26-a0-642-g67e99244d3 (webtiles) character file.

Game seed: 8460263953103357214

43 Descartes the Sneak (level 3, -2/14 HPs)
             Began as a Felid Enchanter on Sept 21, 2020.
             Slain by an ice beast (11 damage)
             ... on level 3 of the Dungeon.
             The game lasted 00:05:23 (5293 turns).

Descartes the Sneak (Felid Enchanter)               Turns: 5293, Time: 00:05:23

Health: -2/14      AC:  1    Str:  5    XL:     3   Next: 37%
Magic:  7/7        EV: 18    Int: 16    God:
Gold:   170        SH:  0    Dex: 16    Spells: 5/6 levels left
                                        Lives:  0   Deaths: 1

rFire    . . .     SeeInvis +     - Unarmed
rCold    . . .     Faith    .   (shield unavailable)
rNeg     . . .     Spirit   .   (armour unavailable)
rPois    .         Reflect  .   (helmet unavailable)
rElec    .         Harm     .   (cloak unavailable)
rCorr    .         Rampage  .   (gloves unavailable)
MR       .....                  (boots unavailable)
Stlth    +++.......             (no amulet)
HPRegen  0.04/turn              l - ring of attention (curse)
MPRegen  0.10/turn              m - ring of wizardry

@: quick
A: very small, no armour, no weapons or thrown items, stealth, claws 1, fangs 3,
see invisible, speed 1, shaggy fur 1, sharp paws
a: no special abilities


You were on level 3 of the Dungeon.
You visited 1 branch of the dungeon, and saw 3 of its levels.

You collected 170 gold pieces.

Inventory:

Missiles
 b - 86 stones
 h - 118 arrows
Jewellery
 l - a cursed ring of attention (left paw)
 m - a ring of wizardry (right paw)
Scrolls
 a - a scroll of teleportation
 d - a scroll of identify
 e - a scroll of amnesia
 f - 2 scrolls of enchant armour
Potions
 c - a potion of cancellation
 g - a potion of haste
 i - a potion of ambrosia
 k - a potion of brilliance


   Skills:
 + Level 3.0 Dodging
 + Level 7.1 Stealth
 + Level 1.3 Unarmed Combat
 - Level 2.0 Spellcasting
 - Level 4.4 Hexes


You had 5 spell levels left.
You knew the following spells:

 Your Spells              Type           Power        Failure   Level
a - Corona                Hex            ###....      1%          1

Your spell library contained the following spells:

 Spells                   Type           Power        Failure   Level
 Confusing Touch          Hex            ###.....     4%          3
 Tukima's Dance           Hex            ###.....     4%          3
 Ensorcelled Hibernation  Hex/Ice        #.....       5%          2
 Dazzling Flash           Conj/Hex       #.....       11%         3


Dungeon Overview and Level Annotations

Branches:
Dungeon (3/15)

Altars:
Okawaru
Wu Jian

Annotations:
D:3 3 runed translucent doors, hemabe71's ghost, amateur HuAr


Innate Abilities, Weirdness & Mutations

You cannot wear armour.
You are incapable of wielding weapons or throwing items.
Your paws allow you to move quietly. (Stealth)
You have sharp claws.
You have razor-sharp teeth.
You have supernaturally acute eyesight. (SInv)
You cover ground quickly.
You are covered in fur. (AC +1)
Your sharp claws are effective at attacking unaware monsters.


Message History

h - 118 arrows (gained 13)
You now have 159 gold pieces (gained 15).
b - 86 stones (gained 22)
You now have 170 gold pieces (gained 11).
An ice beast comes into view.
You scratch the ice beast. You bite the ice beast.
The ice beast is lightly wounded.
The ice beast hits you but does no damage.
You closely miss the ice beast.
The ice beast is lightly wounded.
The ice beast completely misses you.
You scratch the ice beast but do no damage.
Your bite misses the ice beast.
The ice beast is lightly wounded.
The ice beast hits you but does no damage.
You scratch the ice beast but do no damage.
The ice beast is lightly wounded.
The ice beast hits you. The ice beast freezes you!
Ouch! That really hurt!
You die...

###########**
#...Y......,********
*#.@#******,,,,,,,,,
##.###########*****
#...........# *###
##..........# *..,
#..........#*#.#*
#[[........##..#
#..........#..#*
#..........#.#*
#...........>###


You could see an ice beast.

Vanquished Creatures
  2 adders
  2 oozes (D:3)
  2 worms (D:2)
  3 dart slugs (D:1)
  2 leopard geckos
  3 orcs (D:2)
  4 bats
  4 giant cockroaches
  5 goblins
  6 hobgoblins
  2 jackals (D:2)
  2 quokkas
  A ball python (D:2)
  2 frilled lizards (D:2)
  6 kobolds (D:1)
  4 rats
50 creatures vanquished.

Notes
Turn   | Place    | Note
-------+----------+-------------------------------------------
     0 | D:1      | Descartes the Felid Enchanter began the quest for the Orb.
     0 | D:1      | Reached XP level 1. HP: 7/7 MP: 4/4
   176 | D:1      | Reached XP level 2. HP: 6/11 MP: 6/6
   425 | D:1      | Reached skill level 5 in Stealth
  1842 | D:2      | Reached XP level 3. HP: 8/14 MP: 7/7
  2039 | D:2      | Reached skill level 6 in Stealth
  3513 | D:2      | Found an iron altar of Okawaru.
  3513 | D:2      | Found an ornate altar of the Wu Jian Council.
  4223 | D:3      | Noticed hemabe71's ghost (amateur HuAr)
  4234 | D:3      | Reached XP level 4. HP: 17/18 MP: 8/8
  4247 | D:3      | Found a runed translucent gate.
  4247 | D:3      | Found a runed translucent gate.
  4247 | D:3      | Found a runed translucent gate.
  4270 | D:3      | Reached skill level 7 in Stealth
  5244 | D:3      | Succumbed to an adder's poison
  5245 | D:3      | Reached XP level 3. HP: 0/14 MP: 7/7
  5288 | D:3      | Noticed an ice beast
  5293 | D:3      | Slain by an ice beast

Illustrated notes

Levels and vault maps discovered:
D:1:      minmay_arrival_hallway, layout_basic, glass_columns_a
D:2:      kb_forest_paths, layout_loops_ring,
          chequers_temple_overflow_statue_of_worship
D:3:      layout_rooms, gammafunk_ghost_split, supply_closet_lemuel,
          uniq_crazy_yiuf_cottage

Skill      XL: |  1  2  3  4 |
---------------+-------------+-----
Stealth        | 5 6 7 |  7.1
Dodging        | 3 |  3.0
Unarmed Combat | |  1.3
Spellcasting   | |  2.0
Hexes          | |  4.4

Action                   |  1- 3 |  4- 6 || total
-------------------------+-------+-------++-------
Melee: Unarmed           |   152 |    65 ||   217
       Bite              |    16 |     8 ||    24
  Use: Scroll            |       |     7 ||     7
       Potion            |       |     6 ||     6
 Stab: Sleeping          |    13 |     1 ||    14
       Distracted        |     1 |       ||     1
Armor: Skin              |     8 |     5 ||    13
Dodge: Dodged            |   117 |    55 ||   172

Table legend: (Time is in decaauts)
 A = Elapsed time spent in this place.
 B = Non-inter-level travel time spent in this place.
 C = Inter-level travel time spent in this place.
 D = Time resting spent in this place.
 E = Time spent auto-exploring this place.
 F = Levels seen in this place.
 G = Mean time per level.
                   A        B        C        D        E       F      G
               +--------+--------+--------+--------+--------+-----+--------+
         Total |   4917 |   4746 |    171 |    195 |   4041 |   3 | 1639.0 |
       Dungeon |   4917 |   4746 |    171 |    195 |   4041 |   3 | 1639.0 |
               +--------+--------+--------+--------+--------+-----+--------+

Top non-repeatable levels by time:
     D:1: 2225 daAuts
     D:2: 2102 daAuts
     D:3: 590 daAuts
